 Dungeon Crawl Stone Soup version 0.23.2-33-g5129a83184 (webtiles) character file.

Game seed: 10065590290941422974

503 Kold the Conjurer (level 6, -4/45 HPs)
             Began as a Draconian Conjurer on July 10, 2019.
             Hit by a tomahawk thrown by an orc (7 damage)
             ... on level 4 of the Dungeon.
             The game lasted 00:06:45 (2460 turns).

Kold the Conjurer (Draconian Conjurer)              Turns: 2460, Time: 00:06:45

Health: -4/45      AC:  6    Str: 11    XL:     6   Next: 96%
Magic:  1/12       EV: 12    Int: 17    God:
Gold:   208        SH:  0    Dex: 11    Spells: 2/13 levels left

rFire    . . .     SeeInvis .   j - +2 hand axe (flame)
rCold    . . .     Gourm    .   (no shield)
rNeg     . . .     Faith    .   (armour unavailable)
rPois    .         Spirit   .   (helmet restricted)
rElec    .         Reflect  .   (no cloak)
rCorr    .         Harm     .   (no gloves)
MR       .....                  (no boots)
Stlth    ++........             (no amulet)
HPRegen  0.15/turn              (no ring)
MPRegen  0.13/turn              (no ring)

@: no status effects
A: unfitting armour, cold-blooded, AC +6
a: no special abilities


You were on level 4 of the Dungeon.
You were not hungry.

You visited 1 branch of the dungeon, and saw 4 of its levels.

You collected 208 gold pieces.

Inventory:

Hand Weapons
 j - a +2 hand axe of flaming (weapon)
Jewellery
 m - an uncursed ring of ice
Wands
 k - a wand of digging (4)
Scrolls
 a - 2 scrolls of remove curse
 i - a scroll of teleportation
Potions
 d - 2 potions of cancellation {unknown}
 g - a potion of lignification {unknown}
 h - a potion of might {unknown}
Comestibles
 b - 8 rations
 l - a chunk of flesh


   Skills:
   Level 0.3 Maces & Flails
 - Level 2.1 Dodging
 - Level 2.0 Stealth
 - Level 4.0 Spellcasting
 * Level 6.8 Conjurations
 + Level 1.9 Hexes


You had 2 spell levels left.
You knew the following spells:

 Your Spells              Type           Power        Failure   Level  Hunger
a - Magic Dart            Conj           ####         1%          1    None
b - Searing Ray           Conj           ####..       1%          2    ##.....
c - Iskenderun's Mystic   Conj           ####....     10%         4    ####...
d - Fulminant Prism       Conj/Hex       ###.......   26%         4    ####...

Your spell library contained the following spells:

 Spells                   Type           Power        Failure   Level  Hunger
 Dazzling Spray           Conj/Hex       ###...       8%          3    ###....
 Force Lance              Conj/Tloc      ##......     36%         4    ####...


Dungeon Overview and Level Annotations

Branches:
Dungeon (4/15)
 Temple: D:4-7

Altars:
Cheibriados

Annotations:
D:4 Blork the orc


Innate Abilities, Weirdness & Mutations

Your plain brown scales are hard. (AC +6)
You cannot fit into any form of body armour.
You are cold-blooded and may be slowed by cold attacks.


Message History

You hit the worker ant but do no damage.
The worker ant is severely wounded.
The worker ant bites you but does no damage.
You hit the worker ant but do no damage.
The worker ant is severely wounded.
The worker ant bites you but does no damage. x2
An orc comes into view. It is wielding a +0 war axe.
The orc shouts!
You hit the worker ant. You burn the worker ant.
You kill the worker ant!
You hear a shout!
The orc throws a tomahawk.
The tomahawk closely misses you.
A dart slug comes into view.
Blork the orc casts a spell at you. The magic dart hits you!
* * * LOW HITPOINT WARNING * * *
The orc throws a tomahawk.
The tomahawk barely misses you.
An orc comes into view.
It is wielding a +1 hand axe of electrocution.
The orc throws a tomahawk.
The tomahawk hits you!
You die...

###..#...#...≈≈..o≈≈...#
*#......###...≈≈≈≈≈...#*
#...###.#$#....≈≈≈....#
.....(.).<##.........#*
..##.......##.......#*
#**##.#.....###...#*** *
*#.#.......#..(#,,*
**#.....)))..#...#,*##**
**,##........)##@##...#.*
*,,..........).†(.......**
,,......................,*
*,......................,*
*,,>..................##**
**,............o.......#*
**,...........##o......*
*,,..........#*..w....*
**,,...)....<#*#..w.##*


You could see a dart slug (wandering) and 2 orcs.

Vanquished Creatures
  An ogre (D:4)
  3 wights (D:2)
  3 orc wizards
  An orc priest (D:4)
  A worker ant (D:4)
  3 gnolls (D:3)
  3 adders
  An ooze (D:1)
  An adder skeleton (D:4)
  A worm (D:3)
  2 dart slugs
  2 leopard geckos
  11 orcs
  5 giant cockroaches
  11 goblins
  10 hobgoblins
  2 quokkas
  6 bats
  5 frilled lizards
  2 kobolds (D:3)
  4 rats
78 creatures vanquished.

Notes
Turn   | Place    | Note
-------+----------+-------------------------------------------
     0 | D:1      | Kold the Draconian Conjurer began the quest for the Orb.
     0 | D:1      | Reached XP level 1. HP: 14/14 MP: 3/3
   115 | D:1      | Reached XP level 2. HP: 18/20 MP: 0/5
   462 | D:1      | Reached XP level 3. HP: 26/26 MP: 2/6
  1325 | D:2      | Reached XP level 4. HP: 33/33 MP: 1/8
  1372 | D:2      | Learned a level 2 spell: Searing Ray
  1388 | D:2      | Reached skill level 5 in Conjurations
  1391 | D:2      | Reached XP level 5. HP: 29/38 MP: 0/10
  1662 | D:3      | Found a snail-covered altar of Cheibriados.
  1997 | D:3      | Learned a level 4 spell: Iskenderun's Mystic Blast
  2002 | D:3      | Learned a level 4 spell: Fulminant Prism
  2059 | D:3      | Reached XP level 6. HP: 35/45 MP: 3/12
  2110 | D:3      | Reached skill level 6 in Conjurations
  2401 | D:4      | Reached skill level 1 in Hexes
  2444 | D:4      | Noticed Blork the orc
  2460 | D:4      | Hit by a tomahawk thrown by an orc

Skill      XL: |  1  2  3  4  5  6 |
---------------+-------------------+-----
Dodging        | 2 |  2.1
Stealth        | 2 |  2.0
Spellcasting   | 3 4 |  4.0
Conjurations   | 5 6 |  6.8
Hexes          | 1 |  1.9
Maces & Flails | |  0.3

Action                   |  1- 3 |  4- 6 || total
-------------------------+-------+-------++-------
Melee: Unarmed           |    14 |       ||    14
       Mace              |    21 |     4 ||    25
       Tailslap          |     9 |     4 ||    13
       Hand axe          |       |    49 ||    49
 Cast: Magic Dart        |    64 |    54 ||   118
       Searing Ray       |       |    11 ||    11
  Use: Scroll            |     2 |     3 ||     5
       Potion            |       |     2 ||     2
  Eat: Chunk             |     2 |     4 ||     6
Armor: Skin              |    14 |    27 ||    41
Dodge: Dodged            |    30 |    45 ||    75
